Map: Dreamcatcher LE

Players

HeroMarine - Winner!

  • Race: Terran Terran
  • Spawn Location: 11:00

Future

  • Race: Terran Terran
  • Spawn Location: 5:00

Event: WCS Montreal 2018

VOD

Have the link to the VOD?

Description

Time

  • Played on: Sept. 7, 2018, 4:36 p.m.
  • Length: 11:24

All games in this series

Show
View Real Time Build Order
Export as new Build Order

HeroMarine Terran - Winner!

Build Orders: 1/1/1, Bio Tank, Banshee Rush 

Get SALT Encoding   

  12  0:00  SCV  
  13  0:12  SCV  
  14  0:17  Supply Depot  
  14  0:25  SCV  
  14  0:28  Refinery  
  15  0:38  SCV  
  16  0:45  Barracks  
  16  0:50  SCV  
  16  0:55  Refinery  
  17  1:02  SCV  
  18  1:14  SCV  
  20  1:32  Reaper, Orbital Command  
  20  1:39  Factory  
  20  1:48  Supply Depot  
  20  1:58  SCV  
  21  2:05  Reaper  
  22  2:10  SCV  
  23  2:22  SCV, Hellion  
  26  2:26  Starport  
  26  2:34  SCV  
  26  2:38  Barracks Reactor  
  25  2:45  Factory Tech Lab  
  25  2:46  SCV  
  26  2:58  SCV  
  27  3:10  Cloaking Field  
  27  3:11  Banshee  
  30  3:18  Command Center  
  30  3:23  Supply Depot  
  30  3:25  Factory Tech Lab  
  30  3:28  SCV  
  31  3:44  SCV, Siege Tank, Marine x2  
  37  3:51  Supply Depot  
  37  3:56  Raven  
  39  4:12  SCV, Marine x2  
  42  4:20  Siege Tank  
  45  4:24  SCV  
  45  4:30  Marine x2  
  48  4:34  Orbital Command  
  48  4:36  SCV  
  46  4:49  SCV  
  44  4:53  Viking x2  
  44  4:56  Marine  
  44  4:59  SCV, Refinery  
  50  5:01  SCV  
  51  5:10  Siege Tank  
  51  5:11  SCV  
  51  5:13  SCV, Supply Depot  
  57  5:23  SCV, Viking  
  57  5:25  SCV  
  61  5:30  Supply Depot  
  61  5:34  Marine  
  63  5:35  SCV  
  63  5:37  SCV  
  63  5:38  Supply Depot  
  65  5:48  SCV  
  65  5:49  SCV  
  63  5:53  Marine  
  60  6:00  SCV, Command Center  
  60  6:01  SCV, Stimpack, Siege Tank  
  65  6:06  Viking  
  65  6:10  Viking  
  69  6:12  SCV  
  69  6:13  SCV  
  69  6:16  Marine  
  69  6:18  Refinery  
  72  6:28  Barracks x2  
  72  6:29  SCV x2  
  74  6:35  Siege Tank  
  74  6:36  Marine  
  78  6:47  Engineering Bay  
  78  6:48  Engineering Bay  
  78  6:49  SCV x2  
  78  6:52  Starport Reactor  
  80  7:00  Barracks  
  80  7:01  SCV x2, Barracks  
  82  7:02  Marine  
  83  7:13  Terran Infantry Armor Level 1, Terran Infantry Weapons Level 1  
  83  7:14  Orbital Command  
  83  7:17  Barracks Reactor x2  
  83  7:22  SCV x2  
  85  7:27  Marine  
  85  7:28  Barracks Reactor  
  86  7:33  Siege Tank  
  86  7:34  SCV  
  86  7:35  SCV  
  87  7:45  Medivac x2  
  87  7:47  Marine  
  87  7:48  Marine  
  87  7:49  Barracks Reactor  
  93  7:52  Supply Depot  
  93  7:53  Marine x2, Supply Depot x2  
  93  7:54  Marine  
  96  8:01  Combat Shields  
  96  8:03  Armory  
  96  8:05  Marine x2  
  96  8:06  Marine x2  
  96  8:08  Orbital Command  
  96  8:11  Marine  
  101  8:13  Orbital Command  
  101  8:14  Siege Tank, Marine x2  
  101  8:16  SCV x2  
  108  8:23  Marine x2  
  108  8:24  Marine x2  
  108  8:26  Marine x2  
  114  8:28  SCV x2  
  114  8:29  Marine  
  117  8:39  Marine  
  117  8:40  SCV x2, Marine  
  117  8:41  Marine, Refinery  
  121  8:45  Refinery  
  121  8:46  Marine  
  121  8:47  SCV  
  124  8:52  SCV x2  
  125  8:56  Supply Depot  
  125  8:59  SCV  
  125  9:02  Sensor Tower  
  126  9:04  Marine x3  
  128  9:18  SCV x2  
  128  9:19  SCV  
  128  9:21  Medivac  
  128  9:22  Medivac, Marine x2  
  128  9:23  Marine x2  
  128  9:24  Marine x2  
  140  9:35  Marine  
  141  9:39  Supply Depot  
  141  9:41  Siege Tank, Marine x4, Supply Depot x2  
  148  9:51  Marine  
  149  10:00  Marine, Viking x2  
  149  10:02  Marine x2  
  149  10:05  Marine x2  
  143  10:08  Marine x2  
  145  10:15  Marine x2  
  145  10:16  Siege Tank  
  145  10:18  Marine  
  145  10:20  Marine x2  
  148  10:23  Marine x2  
  148  10:25  Factory  
  148  10:26  Marine  
  148  10:27  Marine  
  152  10:30  Medivac x2  
  152  10:33  Marine x2  
  158  10:36  Marine  
  158  10:38  Marine x2  
  158  10:41  Marine x2  
  158  10:42  Command Center  
  163  10:44  Marine  
  163  10:45  Marine  
  163  10:48  Siege Tank  
  163  10:51  Marine x2  
  131  11:04  Marine x2  
Show
View Real Time Build Order
Export as new Build Order

Future Terran 

Build Orders: Reaper Expand, MMM Bio 

Get SALT Encoding   

  12  0:00  SCV  
  13  0:12  SCV  
  14  0:17  Supply Depot  
  14  0:24  SCV  
  15  0:38  SCV  
  15  0:41  Barracks  
  16  0:43  Refinery  
  16  0:50  SCV  
  17  1:02  SCV  
  18  1:15  SCV  
  19  1:29  Reaper, Orbital Command  
  20  1:43  Command Center  
  20  1:52  Supply Depot  
  20  1:55  SCV  
  20  2:01  Reaper  
  22  2:07  SCV, Refinery  
  23  2:19  SCV  
  23  2:20  Factory  
  24  2:31  SCV  
  24  2:37  Barracks Reactor  
  25  2:43  SCV  
  26  2:55  SCV  
  26  2:56  Orbital Command  
  27  3:07  SCV  
  26  3:16  Cyclone x2  
  26  3:19  SCV  
  33  3:23  SCV  
  33  3:25  Supply Depot  
  34  3:27  Barracks Tech Lab  
  34  3:31  SCV  
  35  3:35  SCV  
  35  3:39  Engineering Bay  
  36  3:43  SCV  
  37  3:48  SCV  
  37  3:52  Cyclone  
  37  3:53  Cyclone  
  44  3:57  SCV  
  44  4:00  SCV, Supply Depot  
  46  4:07  Missile Turret  
  46  4:09  Missile Turret  
  47  4:10  SCV  
  47  4:13  SCV  
  47  4:16  Refinery  
  48  4:22  SCV  
  49  4:25  SCV  
  49  4:27  Cyclone  
  53  4:33  Cyclone  
  53  4:34  SCV  
  53  4:37  SCV, Marine  
  59  4:41  Supply Depot  
  59  4:46  SCV  
  59  4:49  SCV  
  61  4:55  Marine  
  62  5:02  SCV x2  
  64  5:07  Barracks  
  64  5:08  Barracks  
  64  5:13  Terran Infantry Weapons Level 1, Marine  
  65  5:14  SCV  
  65  5:16  Factory Reactor, Refinery, Supply Depot  
  65  5:18  SCV  
  67  5:22  Supply Depot  
  67  5:26  SCV  
  68  5:31  Marine  
  68  5:35  SCV  
  70  5:40  Supply Depot  
  70  5:45  SCV, Supply Depot  
  70  5:48  Marine  
  73  5:56  Marine x2  
  75  5:58  Starport  
  75  6:02  Marine x2  
  75  6:03  Factory Reactor  
  76  6:06  Marine  
  77  6:14  Marine x2  
  77  6:17  Command Center, Supply Depot  
  79  6:20  Marine x2  
  79  6:22  Supply Depot  
  79  6:24  Marine  
  82  6:31  SCV  
  82  6:32  SCV  
  84  6:49  Medivac x2  
  84  6:50  Stimpack  
  84  6:51  Marine x3  
  84  6:52  Marine x2  
  84  6:53  Factory Tech Lab  
  93  6:56  Armory  
  93  6:57  Engineering Bay  
  93  7:03  SCV x2  
  93  7:07  Terran Infantry Armor Level 1  
  95  7:09  Barracks, Marine x4  
  95  7:11  Barracks  
  99  7:17  Marine  
  99  7:19  Siege Tank  
  99  7:20  Medivac  
  105  7:24  Medivac  
  107  7:34  Orbital Command  
  107  7:35  SCV x2  
  107  7:37  Marine  
  103  7:46  Marine  
  103  7:47  SCV x2, Marine  
  110  7:51  Siege Tank  
  110  7:55  Sensor Tower  
  110  7:56  Barracks Tech Lab  
  110  7:59  Barracks Reactor  
  110  8:00  SCV x2  
  110  8:01  SCV  
  113  8:07  Supply Depot  
  113  8:08  Supply Depot  
  113  8:12  SCV, Marine  
  114  8:13  SCV x2  
  114  8:14  Marine  
  114  8:16  Combat Shields  
  118  8:24  SCV  
  118  8:25  SCV x2, Marine x2  
  126  8:27  Siege Tank  
  126  8:33  Viking  
  128  8:35  Viking  
  128  8:36  SCV  
  131  8:44  Marine x8  
  139  8:53  Supply Depot  
  139  8:54  SCV x2, Refinery, Supply Depot  
  139  8:55  Refinery  
  138  9:01  Marine  
  138  9:02  Marine  
  143  9:05  Marine  
  143  9:06  Marine x3  
  143  9:09  Viking  
  141  9:11  Marine  
  141  9:14  Marine  
  141  9:17  Siege Tank  
  134  9:19  Marine x2  
  134  9:23  Marine  
  134  9:24  SCV, Marine  
  127  9:29  Marine x3  
  130  9:31  Factory  
  130  9:32  Marine  
  130  9:37  Marine  
  130  9:38  Viking  
  132  9:39  Viking  
  133  9:49  Siege Tank  
  136  9:57  Marine  
  118  10:07  Marine x2  
  118  10:09  Marine  
  118  10:10  Marine x4  
  118  10:12  Medivac x2  
  129  10:20  Marine  
  129  10:21  Siege Tank  
  120  10:22  Factory Tech Lab  
  120  10:25  Marine  
  120  10:27  Marine  
  122  10:30  SCV x2  
  124  10:35  Marine  
  124  10:38  Marine x5  
  124  10:40  Starport  
  124  10:41  Command Center  
  130  10:42  Marine  
  130  10:46  Marine, Siege Tank  
  135  10:53  Marine  
  135  10:56  Marine x4  
  142  11:00  Marine x2  
  106  11:04  Marine  
Tags
 
Add a new tag
Caveats
  • Supply blocks, unpowered buildings, or Contaminate may cause inaccurate times.
  • Supply counts are checked every 10 seconds.